Map: Interloper LE

Players

AlexUA - Winner!

  • Race: Zerg Zerg
  • League: Grandmaster
  • Spawn Location: 11:00

NeXuS

  • Race: Protoss Protoss
  • League: Master
  • Spawn Location: 5:00

VOD

Have the link to the VOD?

Description

Time

  • Played on: Aug. 10, 2017, 9:35 a.m.
  • Length: 12:27
Show
View Real Time Build Order
Export as new Build Order

AlexUA Zerg - Winner!

Build Orders: Pool First, Lurkers 

Get SALT Encoding   

  12  0:01  Drone  
  13  0:12  Overlord  
  13  0:17  Drone  
  14  0:30  Drone  
  14  0:35  Drone  
  16  0:45  Spawning Pool  
  16  0:47  Drone  
  16  0:53  Extractor  
  16  0:56  Drone  
  16  1:08  Drone  
  17  1:17  Hatchery  
  16  1:19  Drone  
  17  1:32  Queen  
  19  1:38  Zergling x2  
  20  1:42  Overlord  
  20  1:50  Drone  
  21  2:01  Drone  
  22  2:08  Queen  
  24  2:14  Drone  
  25  2:15  Metabolic Boost  
  25  2:22  Drone  
  26  2:29  Queen  
  28  2:30  Drone  
  28  2:33  Drone  
  30  2:41  Drone x3  
  33  2:45  Drone  
  33  2:49  Overlord  
  33  3:00  Queen  
  36  3:12  Zergling x2  
  36  3:13  Zergling x2  
  36  3:14  Drone x2  
  36  3:15  Drone  
  36  3:17  Drone x3  
  43  3:20  Spore Crawler  
  43  3:22  Drone  
  42  3:35  Spore Crawler  
  42  3:36  Drone  
  42  3:37  Drone  
  43  3:46  Lair  
  43  3:52  Overlord  
  43  3:55  Drone, Extractor x2  
  42  3:56  Evolution Chamber, Drone x2  
  43  4:02  Overlord  
  43  4:13  Drone x6  
  49  4:31  Queen  
  51  4:34  Drone, Extractor  
  51  4:35  Drone x2  
  51  4:37  Drone x3  
  56  4:39  Zerg Missile Weapons Level 1, Hatchery  
  56  4:45  Overlord  
  55  4:51  Hydralisk Den  
  54  5:00  Overlord x2  
  54  5:03  Overseer  
  54  5:21  Hydralisk x5, Muscular Augments  
  54  5:22  Hydralisk  
  66  5:29  Overlord x2  
  65  5:45  Overlord  
  65  5:49  Drone x2  
  67  5:50  Hydralisk x3  
  67  5:51  Hydralisk  
  67  5:53  Drone  
  67  5:54  Drone  
  78  5:57  Drone  
  78  6:01  Drone x3  
  81  6:05  Drone x2  
  83  6:11  Overlord  
  83  6:16  Hydralisk x2  
  87  6:22  Hydralisk  
  89  6:27  Spore Crawler  
  89  6:28  Overlord  
  89  6:29  Spine Crawler  
  89  6:30  Hydralisk  
  89  6:32  Hydralisk  
  89  6:36  Lurker Den  
  91  6:48  Zerg Missile Weapons Level 2  
  91  6:51  Drone x8  
  91  6:53  Drone  
  100  6:55  Drone x2  
  102  7:03  Drone x4  
  102  7:06  Overlord  
  105  7:15  Overlord  
  105  7:21  Extractor x2  
  103  7:23  Overlord  
  103  7:25  Hydralisk x3  
  103  7:26  Hydralisk  
  111  7:32  Overseer  
  111  7:33  Hydralisk, Hatchery  
  111  7:34  Hydralisk x2  
  116  7:43  Hydralisk x2  
  116  7:44  Hydralisk x2  
  124  7:53  Drone x4  
  128  8:04  Overlord x2  
  128  8:15  Lurker  
  128  8:16  Lurker  
  128  8:18  Overlord x4  
  130  8:24  Lurker  
  130  8:25  Lurker x6  
  137  8:33  Zergling x18  
  146  8:35  Overlord x3  
  146  8:36  Overlord  
  146  8:37  Extractor  
  145  8:45  Extractor  
  144  8:49  Hydralisk x2  
  144  8:50  Hydralisk x5  
  144  8:55  Drone x3  
  161  8:56  Drone x3  
  161  9:01  Infestation Pit  
  163  9:28  Zerg Ground Armor Level 1, Spine Crawler, Spore Crawler  
  163  9:30  Spine Crawler  
  163  9:31  Spine Crawler x2  
  158  9:33  Drone x2  
  160  9:42  Spine Crawler, Lurker x2  
  160  9:43  Spine Crawler, Lurker x4  
  160  9:45  Hydralisk x5  
  174  9:54  Hive  
  174  10:00  Hydralisk x3  
  177  10:36  Spire  
  177  10:37  Hydralisk  
  177  10:38  Hydralisk x10  
  171  11:31  Hydralisk x10  
  171  11:32  Hydralisk x11  
  197  11:45  Overseer x2  
  197  11:46  Overseer  
Show
View Real Time Build Order
Export as new Build Order

NeXuS Protoss 

Build Orders: 1 Gate Expand, Phoenix Opening, Zealot Archon 

Get SALT Encoding   

  12  0:00  Probe (Chrono Boost)  
  13  0:11  Probe (Chrono Boost)  
  14  0:19  Pylon  
  14  0:22  Probe (Chrono Boost)  
  15  0:37  Probe (Chrono Boost)  
  15  0:40  Gateway  
  16  0:48  Probe (Chrono Boost)  
  17  0:50  Assimilator  
  17  0:58  Probe (Chrono Boost)  
  18  1:09  Probe (Chrono Boost)  
  19  1:20  Probe (Chrono Boost)  
  20  1:32  Nexus  
  20  1:42  Cybernetics Core  
  20  1:49  Pylon  
  20  1:55  Assimilator  
  20  2:02  Zealot (Chrono Boost)  
  20  2:05  Probe (Chrono Boost)  
  23  2:16  Gateway  
  23  2:22  Mothership Core  
  25  2:30  Adept (Chrono Boost)  
  25  2:34  Warp Gate  
  27  2:40  Pylon  
  27  2:43  Probe (Chrono Boost)  
  28  2:47  Probe (Chrono Boost)  
  29  2:54  Probe (Chrono Boost)  
  30  3:00  Probe (Chrono Boost)  
  30  3:05  Probe (Chrono Boost)  
  33  3:12  Probe (Chrono Boost)  
  33  3:13  Stargate  
  33  3:16  Probe (Chrono Boost)  
  34  3:24  Probe (Chrono Boost)  
  36  3:27  Probe (Chrono Boost)  
  36  3:37  Probe x2 (Chrono Boost)  
  36  3:43  Stalker, Twilight Council  
  36  3:48  Probe (Chrono Boost)  
  39  3:50  Probe (Chrono Boost)  
  39  3:54  Pylon  
  40  3:58  Probe  
  40  4:00  Probe, Phoenix (Chrono Boost)  
  44  4:10  Probe  
  44  4:11  Probe  
  46  4:20  Blink (Chrono Boost)  
  46  4:21  Probe  
  46  4:23  Probe  
  48  4:24  Assimilator  
  48  4:26  Phoenix (Chrono Boost)  
  50  4:34  Probe  
  50  4:36  Probe  
  52  4:38  Assimilator  
  52  4:40  Pylon  
  52  4:42  Pylon  
  52  4:49  Phoenix (Chrono Boost)  
  52  4:51  Probe  
  54  4:53  Probe  
  56  5:02  Probe  
  57  5:12  Gateway  
  57  5:14  Gateway  
  57  5:15  Gateway  
  57  5:16  Gateway  
  57  5:19  Probe  
  58  5:21  Robotics Facility  
  58  5:35  Nexus  
  58  5:38  Pylon  
  58  5:48  Stalker x2  
  62  5:54  Probe  
  62  5:55  Probe  
  64  6:02  Forge  
  64  6:06  Probe  
  64  6:07  Probe  
  64  6:09  Warp Prism (Chrono Boost)  
  68  6:15  Phoenix  
  68  6:19  Templar Archives  
  68  6:23  Stalker x2  
  74  6:28  Stalker  
  74  6:32  Pylon  
  76  6:34  Probe x2  
  78  6:45  Protoss Ground Weapons Level 1 (Chrono Boost)  
  78  6:47  Probe  
  78  6:48  Probe  
  78  6:50  Probe  
  78  6:51  Observer  
  82  6:59  Probe  
  83  7:03  High Templar x4  
  83  7:06  Probe  
  83  7:08  Archon x2, Probe  
  93  7:09  Assimilator  
  93  7:10  Stalker, Assimilator  
  93  7:13  Immortal  
  99  7:23  Pylon  
  99  7:24  Pylon  
  99  7:26  Probe x2  
  101  7:30  Probe  
  101  7:34  Stalker  
  101  7:35  Stalker x2  
  108  7:38  Probe  
  108  7:41  Probe x2  
  108  7:43  Stalker x2  
  115  7:50  Probe  
  116  7:51  Probe  
  116  7:53  Probe  
  116  7:55  Pylon  
  116  7:58  Pylon x2  
  118  8:03  Stalker  
  118  8:04  Stalker x2  
  124  8:10  Pylon  
  124  8:12  Pylon  
  124  8:13  Immortal  
  124  8:19  Psionic Storm  
  128  8:32  Stalker x5  
  137  8:50  Observer  
  138  8:57  Robotics Facility  
  138  8:59  Nexus  
  138  9:01  Pylon  
  138  9:06  Immortal  
  142  9:17  High Templar  
  142  9:18  High Templar x3  
  148  9:26  Gateway  
  148  9:27  Gateway  
  148  9:29  Pylon, Phoenix  
  148  9:30  Pylon  
  150  9:32  Pylon  
  150  9:33  Pylon x2  
  150  9:34  Pylon  
  150  9:42  Immortal  
  150  9:43  Protoss Ground Weapons Level 2 (Chrono Boost)  
  150  9:50  Nexus  
  150  9:52  Pylon  
  154  9:53  Probe x3  
  157  10:05  Probe  
  158  10:09  High Templar x3  
  164  10:19  Archon  
  164  10:22  Assimilator  
  164  10:23  Observer  
  164  10:26  Assimilator  
  159  10:32  Stalker  
  159  10:33  Stalker x2  
  163  10:55  Stalker  
  163  10:56  Stalker x3  
  171  11:03  Immortal  
  164  11:08  Immortal  
  172  11:24  Archon  
  139  11:27  Zealot  
  139  11:28  Zealot x5  
  119  11:38  Immortal (Chrono Boost)  
  92  11:51  High Templar  
  92  11:52  High Templar x4  
  92  11:53  Zealot  
  108  11:58  Archon  
  108  11:59  Archon  
  106  12:05  Zealot  
  106  12:06  Zealot  
Tags
 
Add a new tag
Caveats
  • Supply blocks, unpowered buildings, or Contaminate may cause inaccurate times.
  • Supply counts are checked every 10 seconds.